 Dungeon Crawl Stone Soup version 0.25.0-9-g26727b657a (webtiles) character file.

Game seed: 3195152037982894574

360 Masnef the Insei (level 6, -1/34 HPs)
             Began as a Kobold Transmuter on June 15, 2020.
             Slain by an ice beast (8 damage)
             ... on level 5 of the Dungeon on June 16, 2020.
             The game lasted 00:54:16 (8701 turns).

Masnef the Insei (Kobold Transmuter)                Turns: 8701, Time: 00:54:17

Health: -1/34      AC:  3    Str:  9    XL:     6   Next: 98%
Magic:  10/10      EV: 17    Int: 15    God:
Gold:   247        SH:  0    Dex: 21    Spells: 8/11 levels left

rFire    . . .     SeeInvis .     - Unarmed
rCold    . . .     Gourm    .   (shield restricted)
rNeg     . . .     Faith    +   b - +0 robe
rPois    .         Spirit   .   (no helmet)
rElec    .         Reflect  .   (no cloak)
rCorr    .         Harm     .   (no gloves)
MR       .....                  g - +0 pair of boots
Stlth    ++........             m - amulet of faith
HPRegen  0.11/turn              c - +6 ring of dexterity
MPRegen  0.12/turn              (no ring)

@: no status effects
A: small, carnivore
a: no special abilities


You were on level 5 of the Dungeon.
You were not hungry.

You visited 1 branch of the dungeon, and saw 5 of its levels.

You collected 247 gold pieces.

Inventory:

Hand Weapons
 j - a +1 dagger
 r - a +0 hand axe
 y - a +0 hand axe
Missiles
 a - 4 arrows
 q - 17 poisoned darts (quivered)
Armour
 b - a +0 robe (worn)
 f - a +0 ring mail
 g - a +0 pair of boots (worn)
 i - a +0 robe
 k - a +0 ring mail
 l - a +0 robe
 o - a +0 robe
 x - a +0 ring mail
Jewellery
 c - a +6 ring of dexterity (left hand)
 m - an amulet of faith (around neck)
 s - a +6 ring of intelligence {unknown}
 w - an uncursed ring of flight {unknown}
Scrolls
 h - 2 scrolls of random uselessness
 p - a scroll of amnesia
Potions
 e - a potion of brilliance
 n - 2 potions of magic
Comestibles
 d - 13 rations


   Skills:
 - Level 1.4 Fighting
 + Level 3.9 Dodging
 - Level 1.4 Stealth
 + Level 5.0 Unarmed Combat
 - Level 3.2 Spellcasting
 + Level 3.8 Transmutations


You had 8 spell levels left.
You knew the following spells:

 Your Spells              Type           Power        Failure   Level  Hunger
a - Beastly Appendage     Tmut           ##....       4%          1    #......
b - Sticks to Snakes      Tmut           ##......     6%          2    ##.....

Your spell library contained the following spells:

 Spells                   Type           Power        Failure   Level  Hunger
 Spider Form              Tmut/Pois      #.........   26%         3    ###....
 Ice Form                 Ice/Tmut       #.......     65%         4    #####..
 Blade Hands              Tmut           ##........   75%         5    ######.


Dungeon Overview and Level Annotations

Branches:
Dungeon (5/15)
 Temple: D:4-7

Altars:
Ashenzari

Annotations:
D:2 Jessica, Terence
D:4 Duvessa
D:5 Prince Ribbit


Innate Abilities, Weirdness & Mutations

You are small and have problems with some larger weapons.
You are carnivorous and can eat meat at any time.


Message History

You create a snake!
You now have 4 arrows.
The ice beast hits you. The ice beast freezes you!
* * * LOW HITPOINT WARNING * * *
Your ball python completely misses the ice beast.
Okay, then.
Okay, then.
Your transformation is almost over.
Your ball python misses the ice beast.
Your ball python bites the ice beast.
The ice beast misses you.
Your ball python closely misses the ice beast.
Your horns disappear.
Your ball python bites the ice beast.
Found a scale mail.
Your ball python bites the ice beast.
Your ball python completely misses the ice beast.
The ice beast hits you.
* * * LOW HITPOINT WARNING * * *
The ice beast freezes you!
You die...

#.#..#.##...
#.##.###.###. ## #..#.##
#. #.##.# #+ ## #.#
#####.###...
###...........
.##########.......#.....
.......@Y.S.......+....[
.##########....#### ....
#.#...... .... #.#######
... #.# #.. #.# #.# #.#


You could see an ice beast and a friendly ball python.

Vanquished Creatures
  A centaur (D:3)
  A hound (D:5)
  An iguana (D:4)
  3 worker ants
  4 adders
  3 oozes (D:2)
  5 worms
  A dart slug (D:2)
  2 leopard geckos (D:3)
  7 orcs
  2 bats (D:1)
  3 giant cockroaches
  10 hobgoblins
  3 jackals (D:1)
  9 kobolds
  A quokka (D:3)
  7 frilled lizards
  6 goblins
  A quokka skeleton (D:4)
  9 rats
79 creatures vanquished.

Vanquished Creatures (collateral kills)
  An orc wizard (D:4)
  A hobgoblin (D:3)
  A frilled lizard (D:2)
3 creatures vanquished.

Grand Total: 82 creatures vanquished

Notes
Turn   | Place    | Note
-------+----------+-------------------------------------------
     0 | D:1      | Masnef the Kobold Transmuter began the quest for the Orb.
     0 | D:1      | Reached XP level 1. HP: 12/12 MP: 3/3
   344 | D:1      | Reached XP level 2. HP: 16/16 MP: 3/5
  1861 | D:2      | Reached XP level 3. HP: 20/20 MP: 5/7
  2171 | D:2      | Reached XP level 4. HP: 11/25 MP: 6/8
  2420 | D:2      | Noticed Jessica
  2918 | D:3      | Learned a level 2 spell: Sticks to Snakes
  2985 | D:3      | Noticed a centaur
  2991 | D:3      | Killed a centaur
  2991 | D:3      | Reached skill level 1 in Stealth
  2991 | D:3      | Reached skill level 4 in Unarmed Combat
  2991 | D:3      | Reached XP level 5. HP: 9/29 MP: 9/9
  3669 | D:3      | Found a shattered altar of Ashenzari.
  3830 | D:2      | Noticed Terence
  4376 | D:2      | Reached XP level 6. HP: 30/34 MP: 10/10
  6296 | D:4      | Upgraded the game from 0.25.0-3-gd7cc5688da to
                  | 0.25.0-9-g26727b657a
  6412 | D:4      | Noticed Duvessa
  7980 | D:5      | Entered Level 5 of the Dungeon
  7980 | D:5      | Noticed an ogre
  8028 | D:5      | Noticed Prince Ribbit
  8619 | D:5      | Reached skill level 5 in Unarmed Combat
  8656 | D:5      | Noticed an ice beast
  8657 | D:5      | Noticed a slave
  8657 | D:5      | Noticed a slave
  8701 | D:5      | Slain by an ice beast

Illustrated notes

Levels and vault maps discovered:
D:1:      tarquinn_simple_flora_water_b, layout_basic, supply_closet_lemuel
D:2:      layout_basic, tgw_xom, uniq_terence, uniq_jessica
D:3:      layout_loops_corners, cheibrodos_ashenzari_chains, first_ration,
          minmay_misc_feat_ornament, minivault_27, kennysheep_generic_room_2
D:4:      layout_basic, kennysheep_potato, uniq_duvessa
D:5:      layout_loops_corners, lemuel_coloured_pillars_altar, serial_shops,
          nicolae_shop_stone, uniq_pikel, uniq_prince_ribbit1

Skill      XL: |  1  2  3  4  5  6 |
---------------+-------------------+-----
Dodging        | 3 |  3.9
Stealth        | 1 |  1.4
Unarmed Combat | 4 5 |  5.0
Spellcasting   | 3 |  3.2
Transmutations | 3 |  3.8
Fighting       | |  1.4

Action                   |  1- 3 |  4- 6 || total
-------------------------+-------+-------++-------
Melee: Unarmed           |   107 |   245 ||   352
       Kick              |    11 |    11 ||    22
       Headbutt          |     7 |    28 ||    35
       Punch             |     2 |    10 ||    12
 Cast: Beastly Appendage |    23 |    43 ||    66
       Sticks to Snakes  |       |    16 ||    16
  Use: Potion            |     4 |     7 ||    11
       Scroll            |     3 |     9 ||    12
 Stab: Sleeping          |     1 |     2 ||     3
       Distracted        |       |     1 ||     1
  Eat: Chunk             |    13 |    16 ||    29
Armor: Robe              |    15 |    19 ||    34
Dodge: Dodged            |   136 |   181 ||   317
